 Dungeon Crawl Stone Soup version 0.22.1-1-ga44c0e5 (webtiles) character file.

330 Fang the Chopper (level 6, -5/39 HPs)
             Began as a Gargoyle Berserker on Sept 26, 2018.
             Was a Believer of Trog.
             Slain by an orc priest
             ... wielding a +0 battleaxe
              (10 damage)
             ... on level 4 of the Dungeon.
             The game lasted 00:06:42 (3027 turns).

Fang the Chopper (Gargoyle Berserker)               Turns: 3027, Time: 00:06:43

Health: -5/39      AC:  6    Str: 22    XL:     6   Next: 51%
Magic:  6/6        EV: 12    Int:  8    God:    Trog [**....]
Gold:   164        SH:  0    Dex:  9    Spells: 5/5 levels left

rFire    x . .     SeeInvis .   q - +2 hand axe (pain)
rCold    + + .     Gourm    .   (no shield)
rNeg     + . .     Faith    .   b - +0 animal skin
rPois    ∞         Spirit   .   (no helmet)
rElec    +         Reflect  .   (no cloak)
rCorr    .         Harm     .   (no gloves)
MR       .....                  (no boots)
Stlth    ++........             h - amulet of the acrobat
HPRegen  0.13/turn              f - ring of ice
MPRegen  0.10/turn              n - ring of protection from cold

@: berserk cooldown, slowed, very slow
A: negative energy resistance 1, electricity resistance, unbreathing,
petrification resistance, rot immunity, AC +4
a: Berserk, Trog's Hand, Renounce Religion


You were on level 4 of the Dungeon.
You worshipped Trog.
Trog was pleased with you.
You were very hungry.

You visited 1 branch of the dungeon, and saw 4 of its levels.

You collected 164 gold pieces.

Inventory:

Hand Weapons
 a - a +0 hand axe
 q - a +2 hand axe of pain (weapon)
Armour
 b - a +0 animal skin (worn)
Jewellery
 f - a ring of ice (left hand)
 h - an amulet of the acrobat (around neck)
 n - a ring of protection from cold (right hand)
Scrolls
 d - 3 scrolls of random uselessness {unknown}
 e - 6 scrolls of identify {unknown}
 g - 3 scrolls of teleportation {unknown}
 k - a scroll of remove curse {unknown}
 p - a scroll of fog {unknown}
Potions
 i - a potion of resistance {unknown}
 j - a potion of heal wounds {unknown}
 l - a potion of flight {unknown}
 m - a potion of magic {unknown}
 o - a potion of curing {unknown}
Comestibles
 c - 4 rations


   Skills:
 + Level 4.6 Fighting
 + Level 5.0 Axes
 + Level 2.2 Armour
 + Level 2.5 Dodging
 + Level 2.1 Stealth


You had 5 spell levels left.
You didn't know any spells.
Your spell library was empty.

Dungeon Overview and Level Annotations

Branches:
Dungeon (4/15)
 Temple: D:4-7

Altars:
Vehumet


Innate Abilities, Weirdness & Mutations

You are resistant to torment.
Your stone body is resilient. (AC +4)
You are immune to poison.
You resist negative energy. (rN+)
You are resistant to electric shocks. (rElec)
You can survive without breathing.
You are immune to petrification.
You are immune to rotting.


Message History

The orc wizard is severely wounded.
You closely miss the orc priest.
The orc priest hits you with a battleaxe!
The orc wizard looks encouraged for a moment.
The orc wizard closely misses you. The orc priest closely misses you.
You are too injured to fight recklessly!
Unknown command.
You are too injured to fight recklessly!
Unknown command.
You are too injured to fight recklessly!
You hit the orc priest but do no damage.
You barely miss the orc wizard. The orc wizard barely misses you.
The orc priest mumbles some strange prayers to Beogh against you.
Beogh smites you!
* * * LOW HITPOINT WARNING * * *
The orc wizard hits you but does no damage.
Unknown command.
You closely miss the orc priest. You hit the orc wizard.
The orc priest hits you with a battleaxe!
You die...

#. #..)......... #.##
#.............# #...
###.............#####...
........................
........................
###.............######..
......)oo......#........
.......@)...............
.......[................
.......#####.###.##.....
.#####.#................
#.#.##.##...##.....
#.#.........<......
#.####.#..######### #.
#.#..).. #.#..#.#.#


You could see an orc priest and an orc wizard.

Vanquished Creatures
  A black bear (D:2)
  3 orc priests (D:4)
  An orc wizard (D:3)
  5 adders
  2 worms (D:2)
  3 dart slugs
  3 leopard geckos
  6 orcs
  3 giant cockroaches
  7 goblins
  8 hobgoblins
  4 jackals (D:2)
  4 bats
  6 frilled lizards
  3 kobolds
  4 rats
63 creatures vanquished.

Notes
Turn   | Place    | Note
-------+----------+-------------------------------------------
     0 | D:1      | Fang the Gargoyle Berserker began the quest for the Orb.
     0 | D:1      | Reached XP level 1. HP: 14/14 MP: 1/1
    77 | D:1      | Reached skill level 3 in Axes
    77 | D:1      | Reached XP level 2. HP: 13/19 MP: 2/2
   762 | D:1      | Reached XP level 3. HP: 24/24 MP: 3/3
   965 | D:2      | Reached ** piety under Trog
  1025 | D:2      | Reached XP level 4. HP: 27/29 MP: 4/4
  1036 | D:2      | Reached skill level 1 in Stealth
  1055 | D:2      | Found a radiant altar of Vehumet.
  1506 | D:2      | Noticed a black bear
  1514 | D:2      | Killed a black bear
  1514 | D:2      | Reached skill level 4 in Axes
  1514 | D:2      | Reached XP level 5. HP: 33/33 MP: 5/5
  2540 | D:3      | Reached XP level 6. HP: 39/39 MP: 6/6
  3016 | D:4      | Reached skill level 5 in Axes
  3027 | D:4      | Slain by an orc priest

Skill      XL: |  1  2  3  4  5  6 |
---------------+-------------------+-----
Axes           | 3 4 5 |  5.0
Fighting       | 4 |  4.6
Stealth        | 1 2 |  2.1
Dodging        | 2 |  2.5
Armour         | |  2.2

Action                   |  1- 3 |  4- 6 || total
-------------------------+-------+-------++-------
Melee: Hand axe          |    98 |   109 ||   207
Invok: Berserk           |       |     3 ||     3
 Stab: Sleeping          |     3 |     2 ||     5
  Eat: Chunk             |       |     8 ||     8
Armor: Animal skin       |    32 |    38 ||    70
Dodge: Dodged            |    71 |    78 ||   149
